AoeStats
← borgff

Scandinavia

510316791Analyzed
1v1 RM · 2d ago on Sep 30, 2026· 51m 48s· 2 players
Game mode
Random Map
Map size
Tiny (2 player)
Population
200
Speed
Normal
Resources
Standard
Victory
Conquest
Starting age
Dark Age
Ending age
Imperial Age
RankedLock teamsTeams togetherTeam positionsShared explorationLock speedFull tech treeHidden civsTurbo modeCheats
Victory
Defeat
🇸🇪 Lithuanians · Sweden
1369
+18
🇧🇪 Japanese · Belgium
1423
-18
borgff
9:55 Feudal Age
11:31 Loom
11:55 Double-Bit Axe
16:42 Castle Age
15:46 Fletching
17:40 Bodkin Arrow
22:15 Elite Skirmisher
25:27 Horse Collar
27:16 Scale Barding Armor
27:21 Forging
30:48 Wheelbarrow
31:23 Devotion
33:21 Chain Barding Armor
39:05 Imperial Age
38:45 Ballistics
39:36 Iron Casting
39:01 Padded Archer Armor
39:28 Bow Saw
40:05 Bracer
41:16 Chemistry
43:21 Elite Leitis
46:31 Plate Barding Armor
NEH
6:46 Loom
7:09 Loom
10:08 Feudal Age
13:58 Castle Age
12:00 Double-Bit Axe
15:02 Bow Saw
15:07 Fletching
16:35 Wheelbarrow
18:51 Scale Barding Armor
20:31 Town Watch
21:19 Horse Collar
22:49 Bloodlines
23:53 Husbandry
27:26 Gold Mining
29:08 Bodkin Arrow
31:39 Sanctity
32:12 Padded Archer Armor
32:40 Ballistics
33:25 Hand Cart
35:38 Stone Mining
40:17 Imperial Age
39:48 Gold Shaft Mining
39:22 Scale Mail Armor
39:41 Heavy Plow
39:59 Thumb Ring
40:40 Chain Mail Armor
40:35 Forging
41:25 Bracer
42:30 Conscription
43:41 Chemistry
42:51 Guard Tower
42:28 Elite Samurai
44:08 Plate Mail Armor
45:01 Iron Casting
46:45 Elite Skirmisher
48:25 Yasama
Connection lost

Rejoining the realm…

Still unreachable

The connection could not be restored.

Session expired

The server has moved on; the page needs a fresh start.